 Dungeon Crawl Stone Soup version 0.24-a0-182-gc7eaa07895 (webtiles) character file.

Game seed: 12650361713886070287

58 MrRokkomies the Chucker (level 4, -2/35 (36) HPs)
             Began as a Ghoul Hunter on Mar 15, 2019.
             Slain by a gnoll
             ... wielding a +0 club
              (8 damage)
             ... on level 2 of the Dungeon.
             The game lasted 00:03:22 (606 turns).

MrRokkomies the Chucker (Ghoul Hunter)               Turns: 606, Time: 00:03:23

HP:   -2/35 (36)    AC:  6    Str: 16    XL:     4   Next: 2%
MP:   3/3           EV:  9    Int:  6    God:
Gold: 32            SH:  0    Dex:  9    Spells: 3/3 levels left

rFire    . . .     SeeInvis .     - Unarmed
rCold    + . .     Gourm    .   (no shield)
rNeg     + + +     Faith    .   l - +0 scale mail
rPois    ∞         Spirit   .   (no helmet)
rElec    .         Reflect  .   (no cloak)
rCorr    .         Harm     .   (no gloves)
MR       .....                  (no boots)
Stlth    ..........             (no amulet)
HPRegen  0.00/turn              (no ring)
MPRegen  0.08/turn              (no ring)

@: rotting
A: rotting body, claws 1, carnivore, cold resistance 1, negative energy
resistance 3, inhibited regeneration, torment resistance, unbreathing
a: no special abilities


You were on level 2 of the Dungeon.
You were not hungry.

You visited 1 branch of the dungeon, and saw 2 of its levels.

You collected 32 gold pieces.

Inventory:

Hand Weapons
 m - a +1 antimagic dagger
Missiles
 c - 6 javelins
 d - 2 throwing nets
 e - 13 stones
 h - 2 tomahawks (quivered)
Armour
 a - a +0 ring mail
 b - a +0 leather armour
 l - a +0 scale mail (worn)
Scrolls
 i - a scroll of fear {unknown}
 k - a scroll of teleportation {unknown}
 n - 2 scrolls of identify {unknown}
Potions
 g - a potion of resistance {unknown}
Comestibles
 f - 3 rations


   Skills:
 - Level 2.1 Fighting
 * Level 4.3 Throwing
 - Level 1.7 Dodging
 - Level 1.1 Stealth
 * Level 2.5 Unarmed Combat


You had 3 spell levels left.
You didn't know any spells.
Your spell library was empty.

Dungeon Overview and Level Annotations

Branches:
Dungeon (2/15)

Altars:


Innate Abilities, Weirdness & Mutations

Your body is rotting away.
You thrive on raw meat.
You are immune to poison.
You have sharp fingernails.
You are carnivorous and can eat meat at any time.
Your flesh is cold resistant. (rC+)
You are immune to negative energy. (rN+++)
You do not regenerate when monsters are visible.
You are immune to unholy pain and torment.
You can survive without breathing.


Message History

* * * LOW HITPOINT WARNING * * *
You are too injured to fight recklessly!
You barely miss the gnoll.
The gnoll is lightly wounded.
The gnoll barely misses you.
You barely miss the gnoll.
The gnoll is lightly wounded.
The gnoll closely misses you.
You scratch the gnoll.
The gnoll is moderately wounded.
You closely miss the gnoll.
The gnoll is moderately wounded.
You feel your flesh rotting away. The gnoll barely misses you.
You eat one of the 4 rations.
That ration really hit the spot!
The gnoll hits you but does no damage.
You closely miss the gnoll.
The gnoll is moderately wounded.
The gnoll hits you with a +0 club!
You die...

### .(#
#(# #g#
#@# #.#
##.##
##...##
#.#.#.#
##...##
##.##
####.####
#.......#


You could see a gnoll.

Vanquished Creatures
  2 gnolls (D:2)
  A worm (D:2)
  2 dart slugs (D:1)
  2 leopard geckos (D:1)
  6 bats (D:1)
  A giant cockroach (D:1)
  3 goblins (D:1)
  3 hobgoblins (D:1)
  5 kobolds
  A frilled lizard (D:1)
  2 rats (D:1)
28 creatures vanquished.

Notes
Turn   | Place    | Note
-------+----------+-------------------------------------------
     0 | D:1      | MrRokkomies the Ghoul Hunter began the quest for the Orb.
     0 | D:1      | Reached XP level 1. HP: 17/17 MP: 0/0
    82 | D:1      | Reached skill level 1 in Unarmed Combat
    82 | D:1      | Reached XP level 2. HP: 19/24 MP: 1/1
   264 | D:1      | Reached skill level 4 in Throwing
   310 | D:1      | Reached XP level 3. HP: 29/29 MP: 2/2
   598 | D:2      | Reached XP level 4. HP: 11/36 MP: 3/3
   606 | D:2      | Slain by a gnoll

Levels and vault maps discovered:
D:1:      mrwooster_arrival_statue, layout_rooms, minmay_pentomino_s2
D:2:      layout_loops_cross

Skill      XL: |  1  2  3 |
---------------+----------+-----
Unarmed Combat | 1 2 |  2.5
Throwing       | 4 |  4.3
Fighting       | |  2.1
Dodging        | |  1.7
Stealth        | |  1.1

Action                   |  1- 3 |  4- 6 || total
-------------------------+-------+-------++-------
Melee: Unarmed           |    89 |     5 ||    94
       Punch             |     1 |       ||     1
Throw: Tomahawk          |    13 |     2 ||    15
       Stone             |     4 |       ||     4
       Javelin           |     1 |       ||     1
 Stab: Sleeping          |     1 |       ||     1
  Eat: Chunk             |     8 |       ||     8
       Ration            |       |     1 ||     1
Armor: Ring mail         |    31 |       ||    31
       Scale mail        |     7 |     1 ||     8
Dodge: Dodged            |    79 |     4 ||    83

Table legend:
 A = Non-vault XP
 B = Vault XP
 C = Vault XP percentage of total XP
 D = Non-vault monster count
 E = Vault monster count
 F = Vault count percentage of total count
                 A         B        C        D         E       F
            +---------+---------+-------+---------+---------+-------
      Total |      83 |       1 |   1.2 |      27 |       1 |   3.6
            +---------+---------+-------+---------+---------+-------
        D:1 |      47 |       1 |   2.1 |      23 |       1 |   4.2
        D:2 |      36 |       0 |   0.0 |       4 |       0 |   0.0
            +---------+---------+-------+---------+---------+-------
